 Dungeon Crawl Stone Soup version 0.31.0-12-g77e489cdc1 (webtiles) character file.

Game seed: 12582566097118660304

33 KKCryptic the Vexing (level 3, 0/26 HPs)
             Began as a Barachi Hexslinger on Feb 21, 2024.
             Slain by a gnoll
             ... wielding a +0 flail
              (3 damage)
             ... on level 1 of the Dungeon.
             The game lasted 00:03:57 (720 turns).

KKCryptic the Vexing (Barachi Hexslinger)            Turns: 720, Time: 00:03:58

Health: 0/26       AC:  4    Str:  9    XL:     3   Next: 29%
Magic:  13/13      EV: 12    Int: 13    God:
Gold:   56         SH:  0    Dex: 16    Spells: 4/4 levels left

rFire   . . .        a - +1 sling
rCold   . . .        (no shield)
rNeg    . . .        p - +0 leather armour
rPois   .            (no helmet)
rElec   .            (no cloak)
rCorr   .            n - +0 pair of gloves
SInv    .            (no boots)
Will    +....        (no amulet)
Stlth   +            m - ring of magical power
HPRegen 0.24/turn    (no ring)
MPRegen 0.13/turn

%: no passive effects
@: enlightened, flying, slow
A: amphibious, slowness 1, strong legs 1, +LOS
a: Hop


You were on level 1 of the Dungeon.
You visited 1 branch of the dungeon, and saw 2 of its levels.

You collected 56 gold pieces.

Inventory:

Hand Weapons
 a - a +1 sling (weapon)
Missiles
 d - 6 silver javelins (quivered)
Armour
 n - a +0 pair of gloves (worn)
 p - a +0 leather armour (worn)
Jewellery
 m - a ring of magical power (left hand)
Scrolls
 b - a scroll of poison
 c - a scroll of vulnerability {unknown}
 e - a scroll of silence {unknown}
 h - a scroll of enchant weapon {unknown}
 i - a scroll of fear {unknown}
 k - a scroll of revelation
Potions
 f - a potion of heal wounds {unknown}
 g - a potion of haste {unknown}
 j - a potion of resistance {unknown}
 l - a potion of enlightenment
 o - a potion of invisibility {unknown}


   Skills:
 - Level 1.2 Fighting
 + Level 2.9 Ranged Weapons
 - Level 2.1 Dodging
 - Level 1.1 Spellcasting
 + Level 4.1 Hexes
 - Level 1.1 Fire Magic


You had 4 spell levels left.
You didn't know any spells.
Your spell library contained the following spells:

 Spells                   Type           Power      Damage    Failure   Level
 Jinxbite                 Hex            22%        N/A       11%         2
 Sigil of Binding         Hex            11%        N/A       22%         3
 Inner Flame              Hex/Fire       7%         N/A       38%         3
 Mercury Vapours          Alch/Air       0%         N/A       52%         2
 Cause Fear               Hex            5%         N/A       58%         4
 Mephitic Cloud           Conj/Alch/Air  0%         N/A       75%         3
 Dimensional Bullseye     Hex/Tloc       3%         N/A       86%         4
 Freezing Cloud           Conj/Ice/Air   0%         6-21      100%        5


Dungeon Overview and Level Annotations

Branches:
Dungeon (2/15)

Altars:


Innate Abilities, Weirdness & Mutations

You are amphibious.
You cover ground slowly.
You can hop short distances.
You have an extended range of vision and can be seen from far away.


Message History

A rat, a gnoll and a bat come into view.
Found a scale mail.
No reachable target in view!
No reachable target in view!
There are monsters nearby! 3 gnolls come into view.
The gnoll moves out of view. x3
You shoot a sling bullet. The sling bullet hits the rat.
You kill the rat!
You hear a shout! x2
You shoot a sling bullet.
The sling bullet closely misses the bat.
The bat hits you but does no damage.
You shoot a sling bullet.
The sling bullet closely misses the bat.
The bat barely misses you. The bat hits you but does no damage.
You shoot a sling bullet. The sling bullet hits the bat.
You kill the bat!
The gnoll hits you with a +0 flail!
You shoot a sling bullet. The sling bullet hits the gnoll!
The gnoll is heavily wounded.
The gnoll closely misses you.
You shoot a sling bullet.
The sling bullet barely misses the gnoll.
The gnoll closely misses you. The gnoll hits you with a +0 flail!
* * * LOW HITPOINT WARNING * * *
You are too injured to fight recklessly!
The gnoll attacks as it pursues you! The gnoll hits you with a +0 flail.
* * * LOW HITPOINT WARNING * * *
There is a stone staircase leading up here.
The gnoll barely misses you.
You climb upwards.
There is a stone staircase leading down here.
You don't know any spells.
Okay, then.
Okay, then.
It was a potion of enlightenment.
You feel very buoyant.
You fly up into the air.
The gnoll hits you with a +0 flail.
You die...

..###.#..##~##..#.....#....###...
..# #.#....~....#.....#...####...
+## #.#####'#####...#............
[# ##.....#....#....#............
.###............#+###............
#................................
.................................
...................#.............
................@................
...............g.................
###.......######.................
###'############.................
.'8.8+........##.................
.#...#........##.................
.##+##....⌠...##......[[.........
.............###............†....
...<....###### #.......######....


You could see a gnoll.

Vanquished Creatures
  An adder (D:2)
  A dart slug (D:1)
  A ball python (D:1)
  3 endoplasms
  A giant cockroach (D:1)
  2 goblins (D:2)
  2 hobgoblins (D:1)
  3 bats
  A frilled lizard (D:2)
  2 kobolds (D:1)
  6 rats
23 creatures vanquished.

Notes
Turn   | Place    | Note
-------+----------+-------------------------------------------
     0 | D:1      | KKCryptic the Barachi Hexslinger began the quest for the
                  | Orb.
     0 | D:1      | Reached XP level 1. HP: 15/15 MP: 2/2
    58 | D:1      | Reached XP level 2. HP: 21/21 MP: 3/3
   271 | D:1      | Found a faded altar of an unknown god.
   338 | D:1      | You fall into a shaft and drop 1 floor!
   475 | D:2      | Reached skill level 4 in Hexes
   475 | D:2      | Reached XP level 3. HP: 11/26 MP: 4/4
   720 | D:1      | Slain by a gnoll

Illustrated notes

Levels and vault maps discovered:
D:1:      giann_wishing_wells, layout_basic,
          shapermc_ecumenical_altar_notcrosses
D:2:      layout_basic, serial_rivers, chequers_serial_rivers_micro_a,
          chequers_serial_rivers_small_3, chequers_serial_rivers_micro_c,
          chequers_serial_rivers_large_b, item_on_display_a

Skill      XL: |  1  2 |
---------------+-------+-----
Hexes          | 4 |  4.1
Fighting       | |  1.2
Ranged Weapons | |  2.9
Dodging        | |  2.1
Spellcasting   | |  1.1
Fire Magic     | |  1.1

Action                     || total
---------------------------++-------
   Fire: Sling             ||    62
Ability: Hop               ||     1
    Use: Scroll            ||     1
         Potion            ||     1
 Armour: Robe              ||     8
         Leather armour    ||     6
  Dodge: Dodged            ||    10
